 Dungeon Crawl Stone Soup version 0.30.1-11-g7821555f0a (webtiles) character file.

Game seed: 2656268704351192365

221 pkoi the Ruffian (level 5, -4/46 HPs)
             Began as a Draconian Monk on Nov 3, 2023.
             Was a Believer of Dithmenos.
             Slain by a cerulean imp
             ... wielding a +1 spear
             ... summoned by Natasha
              (6 damage)
             ... on level 3 of the Dungeon.
             The game lasted 00:02:44 (1912 turns).

pkoi the Ruffian (Draconian Monk)                   Turns: 1912, Time: 00:02:47

Health: -4/46      AC:  6    Str: 14    XL:     5   Next: 65%
Magic:  5/5        EV: 13    Int: 12    God:    Dithmenos [**....]
Gold:   139        SH:  0    Dex: 13    Spells: 4/4 levels left

rFire   . .          .
                       - Unarmed
rCold   . . .        (no shield)
rNeg    . . .        (body armour unavailable)
rPois   .            (helmet restricted)
rElec   .            (no cloak)
rCorr   .            p - +0 pair of gloves
SInv    .            (no boots)
Will    .....        (no amulet)
Stlth   ++           (no ring)
HPRegen 0.27/turn    (no ring)
MPRegen 0.09/turn

%: no passive effects
@: attractive, slowed, wreathed by umbra, very slow
A: AC +5, unfitting armour, cold-blooded, mutation resistance 1, no potion heal
1
a: Renounce Religion, Shadow Step


You were on level 3 of the Dungeon.
You worshipped Dithmenos.
Dithmenos was pleased with you.
You visited 1 branch of the dungeon, and saw 3 of its levels.

You collected 139 gold pieces.

Inventory:

Hand Weapons
 k - a +0 sling
Missiles
 j - 2 poisoned darts (quivered)
Armour
 b - an orb of light
 p - a +0 pair of gloves (worn)
Jewellery
 a - an amulet of magic regeneration
Scrolls
 c - a scroll of blinking {unknown}
 g - 2 scrolls of teleportation {unknown}
 h - 2 scrolls of identify {unknown}
 i - 3 scrolls of vulnerability {unknown}
 l - a scroll of poison {unknown}
 n - a scroll of acquirement {unknown}
Potions
 m - a potion of haste
 o - a potion of attraction


   Skills:
 + Level 4.0 Fighting
 + Level 3.2 Dodging
 + Level 1.3 Stealth
 + Level 5.4 Unarmed Combat


You had 4 spell levels left.
You didn't know any spells.
Your spell library contained the following spells:

 Spells                   Type           Power      Damage    Failure   Level
 Summon Small Mammal      Summ           0%         N/A       32%         1
 Call Canine Familiar     Summ           0%         N/A       69%         3
 Summon Guardian Golem    Hex/Summ       0%         N/A       69%         3


Dungeon Overview and Level Annotations

Branches:
Dungeon (3/15)

Altars:
Cheibriados
Dithmenos

Annotations:
D:3 Natasha


Innate Abilities, Weirdness & Mutations

Your plain brown scales are hard. (AC +5)
You cannot fit into any form of body armour.
You are cold-blooded and may be slowed by cold attacks.
You are somewhat resistant to further mutation.
Potions are less effective at restoring your health.


Message History

You barely miss Natasha.
Natasha is moderately wounded.
Natasha claws you. The adder bites you but does no damage.
Natasha claws you but does no damage.
The cerulean imp hits you but does no damage.
The adder barely misses you.
You closely miss Natasha.
Your tail-slap misses Natasha.
Natasha is moderately wounded.
Natasha claws you but does no damage. The adder barely misses you.
The cerulean imp barely misses you.
Natasha stares at you and mumbles some strange words.
The magic dart hits you!
You hit Natasha.
Natasha is severely wounded.
Natasha hisses.
Natasha stares at you and mumbles some strange words.
You resist with some effort. The adder barely misses you.
The cerulean imp misses you. Natasha claws you.
* * * LOW HITPOINT WARNING * * *
The adder misses you.
The cerulean imp hits you from afar with a +1 spear.
* * * LOW HITPOINT WARNING * * *
It was a potion of mutation.
You feel extremely strange.
Your system partially rejects the healing effects of potions.
You feel genetically stable.
Natasha stares at you and mumbles some strange words.
The magic dart hits you.
* * * LOW HITPOINT WARNING * * *
The adder bites you but does no damage. Natasha claws you but does no damage.
The cerulean imp hits you from afar with a +1 spear.
* * * LOW HITPOINT WARNING * * *
The adder barely misses you. Natasha misses you.
It was a potion of attraction.
You feel attractive to monsters. The adder bites you but does no damage.
Natasha closely misses you.
The cerulean imp hits you from afar with a +1 spear.
* * * LOW HITPOINT WARNING * * *
The adder bites you but does no damage. Natasha barely misses you.
The cerulean imp hits you from afar with a +1 spear.
You die...

### #.. #.# #.# ######
#.#.############ #.....####
#.#.............
#........####.########......
#..††.......#####......
#.###S@h5...).......... ...
###.....###.#.....† ....o
###.....#.#...... ..#.##.
###...#.######' ##.. #.
#...#.#.######. ... ..
#.......#.)...... .# #.
#...###.#.######### ..#
....# #..... # ..# # #.....


You could see Natasha (fast), a cerulean imp (summoned) and an adder.

Vanquished Creatures
  A scorpion (D:3)
  Natasha (twice) (D:3)
  3 adders
  3 gnolls (D:2)
  A dart slug (D:1)
  4 orcs
  6 bats
  2 endoplasms (D:1)
  2 giant cockroaches
  5 goblins
  5 hobgoblins
  4 kobolds
  A quokka (D:1)
  5 ball pythons
  2 frilled lizards
  5 rats
51 creatures vanquished.

Vanquished Creatures (others)
  A ball python (D:3)
1 creature vanquished.

Grand Total: 52 creatures vanquished

Notes
Turn   | Place    | Note
-------+----------+-------------------------------------------
     0 | D:1      | pkoi the Draconian Monk began the quest for the Orb.
     0 | D:1      | Reached XP level 1. HP: 19/19 MP: 1/1
   142 | D:1      | Reached XP level 2. HP: 26/26 MP: 2/2
   478 | D:2      | Reached skill level 4 in Unarmed Combat
   499 | D:2      | Found a snail-covered altar of Cheibriados.
   519 | D:2      | Reached XP level 3. HP: 13/31 MP: 3/3
  1037 | D:2      | Found a faded altar of an unknown god.
  1231 | D:2      | Reached skill level 5 in Unarmed Combat
  1231 | D:2      | Reached XP level 4. HP: 27/38 MP: 4/4
  1620 | D:3      | Found a shadowy altar of Dithmenos.
  1635 | D:3      | Became a worshipper of Dithmenos the Shadowed
  1635 | D:3      | Reached * piety under Dithmenos
  1635 | D:3      | Reached ** piety under Dithmenos
  1723 | D:3      | Noticed Natasha
  1735 | D:3      | Killed Natasha
  1819 | D:3      | Noticed Natasha
  1830 | D:3      | Killed Natasha
  1831 | D:3      | Reached XP level 5. HP: 30/46 MP: 5/5
  1862 | D:3      | Reached skill level 1 in Stealth
  1889 | D:3      | Noticed Natasha
  1911 | D:3      | Gained mutation: Potions are less effective at restoring
                  | your health. [potion of mutation]
  1911 | D:3      | Gained mutation: You are somewhat resistant to further
                  | mutation. [potion of mutation]
  1912 | D:3      | HP: 2/46 [cerulean imp/+1 spear[Natasha] (4)]
  1912 | D:3      | Slain by a cerulean imp

Illustrated notes

Levels and vault maps discovered:
D:1:      dpeg_arrival_pond, layout_rooms, fountainhead,
          dreamdust_princess_corridor, reono_crystal_passage,
          minmay_misc_feat_columns, hex_tiny
D:2:      layout_loops_corners, dreamdust_ecumenical_altar_statues, basic_altar,
          kennysheep_generic_room_7
D:3:      layout_basic, okawaru_metal_pillars_3,
          grunt_dithmenos_smoke_and_mirrors, minmay_unequal, uniq_natasha

Skill      XL: |  1  2  3  4  5 |
---------------+----------------+-----
Unarmed Combat | 4 5 |  5.4
Dodging        | 3 |  3.2
Fighting       | 4 |  4.0
Stealth        | 1 |  1.3

Action                     |  1- 3 |  4- 6 || total
---------------------------+-------+-------++-------
  Melee: Unarmed           |    91 |    74 ||   165
         Tailslap          |    18 |    15 ||    33
         Punch             |       |     2 ||     2
    Use: Potion            |     1 |     4 ||     5
 Armour: Skin              |    27 |    24 ||    51
  Dodge: Dodged            |    62 |    51 ||   113
